 Dungeon Crawl Stone Soup version 0.16.0 (webtiles) character file.

55648 Fiveotanaka the Brawler (level 14, -6/118 HPs)
             Began as a Troll Monk on Mar 23, 2015.
             Mangled by an eight-headed hydra (7 damage)
             ... on level 8 of the Lair of Beasts.
             The game lasted 00:41:26 (16230 turns).

Fiveotanaka the Brawler (Troll Monk)               Turns: 16230, Time: 00:41:27

Health: -6/118     AC: 12    Str: 25    XL:     14   Next: 39%
Magic:  5/5        EV: 19    Int:  6    God:
Gold:   2071       SH:  0    Dex: 16    Spells: 0 memorised, 13 levels left

rFire  . . .     SeeInvis .       - Unarmed
rCold  + . .     Clarity  .     G - +0 robe {MR+}
rNeg   . . .     SustAb   .     (shield restricted)
rPois  .         Gourm    +     c - +2 hat {rC+}
rElec  .         Spirit   .     V - +1 cloak
rCorr  +         Warding  .     (gloves unavailable)
rMut   .         Stasis   .     (boots unavailable)
MR     ++...                    K - amulet of resist corrosion
Stlth  ++........               y - +3 ring of strength
                                h - +3 ring of protection

@: very slightly contaminated, very resistant to hostile enchantments,
unstealthy
A: unfitting armour, claws 3, fast metabolism 3, gourmand, regeneration 2,
shaggy fur 1, tough skin 2
a: no special abilities


You were on level 8 of the Lair of Beasts.
You were very full.

You visited 3 branches of the dungeon, and saw 27 of its levels.
You also visited: Ice Cave.

You collected 2191 gold pieces.
You spent 120 gold pieces at shops.

Inventory:

Armour
 c - a +2 hat of cold resistance (worn)
 G - a +0 robe of magic resistance (worn)
 V - a +1 cloak (worn)
Jewellery
 h - a +3 ring of protection (left claw)
 i - an uncursed ring of protection from fire
 y - a +3 ring of strength (right claw)
 K - an amulet of resist corrosion (around neck)
Magical devices
 k - a wand of paralysis (17)
 m - a wand of paralysis (8)
 r - a wand of cold (0)
 J - a wand of teleportation (3)
 S - a wand of digging (9)
 Y - a wand of teleportation (5)
 Z - a wand of polymorph (8)
Scrolls
 a - 2 scrolls of teleportation
 d - 3 scrolls of enchant weapon
 n - 6 scrolls of remove curse
 o - 2 scrolls of amnesia
 p - 2 scrolls of brand weapon {unknown}
 E - 2 scrolls of enchant armour
 N - a scroll of fog {unknown}
 U - 3 scrolls of magic mapping
 W - a scroll of identify
Potions
 e - 7 potions of curing
 q - a potion of berserk rage {unknown}
 s - a potion of poison {unknown}
 t - 4 potions of might
 v - 5 potions of flight
 w - 3 potions of heal wounds
 z - 3 potions of mutation
 B - 2 potions of cancellation {unknown}
 D - 2 potions of haste
 F - a potion of degeneration {unknown}
 H - 3 potions of brilliance
 L - 3 potions of ambrosia {unknown}
 O - 2 potions of agility {unknown}
 P - 2 potions of magic
 T - 2 potions of lignification {unknown}
Books
 x - a book of Dreams

   Spells                             Type                      Level
   a - Ensorcelled Hibernation        Hexes/Ice                    2
   b - Flight                         Charms/Air                   3
   c - Phase Shift                    Translocation                5
   d - Shadow Creatures               Summoning                    5
   e - Mass Confusion                 Hexes                        6
   f - Darkness                       Hexes                        7
 A - a book of Flames

   Spells                             Type                      Level
   a - Flame Tongue                   Conjuration/Fire             1
   b - Throw Flame                    Conjuration/Fire             2
   c - Conjure Flame                  Conjuration/Fire             3
   d - Inner Flame                    Hexes/Fire                   3
   e - Sticky Flame                   Conjuration/Fire             4
   f - Fireball                       Conjuration/Fire             5
 I - a book of the Sky

   Spells                             Type                      Level
   a - Flight                         Charms/Air                   3
   b - Airstrike                      Air                          4
   c - Silence                        Hexes/Air                    5
   d - Deflect Missiles               Charms/Air                   6
   e - Conjure Ball Lightning         Conjuration/Air              6
   f - Tornado                        Air                          9
 R - a book of Ice

   Spells                             Type                      Level
   a - Ice Form                       Ice/Transmutation            4
   b - Metabolic Englaciation         Hexes/Ice                    5
   c - Ozocubu's Refrigeration        Ice                          6
   d - Bolt of Cold                   Conjuration/Ice              6
   e - Freezing Cloud                 Conjuration/Ice/Air          6
   f - Simulacrum                     Ice/Necromancy               6
 X - a book of the Dragon

   Spells                             Type                      Level
   a - Flight                         Charms/Air                   3
   b - Cause Fear                     Hexes                        4
   c - Bolt of Fire                   Conjuration/Fire             6
   d - Dragon Form                    Transmutation                7
   e - Dragon's Call                  Summoning                    9
Comestibles
 b - 6 meat rations
 f - 3 beef jerkies
 g - 10 bread rations
 u - 3 slices of pizza
 C - 4 chunks of flesh
 M - 14 fruits
 Q - 6 royal jellies


   Skills:
 - Level 2.4 Fighting
 + Level 14.3 Dodging
 - Level 1.1 Stealth
 + Level 18.0 Unarmed Combat


You had 13 spell levels left.
You didn't know any spells.

Dungeon Overview and Level Annotations

Branches:
Dungeon (15/15)              Lair (8/8) D:9           Snake (0/5) Lair:3
  Slime (0/6) Lair:6          Orc (4/4) D:10            Elf (0/3) Orc:3
 Temple: D:4-7        Swamp: Lair:3-6    Shoals: Lair:3-6    Vaults: D:13-14
 Depths: D:15

Altars:
Dithmenos
Fedhas
Makhleb
Sif Muna
Vehumet
Yredelemnul

Shops:
D:8 :*%[   D:10 =   D:15 (   Orc:4 :*%[


Innate Abilities, Weirdness & Mutations

You are too large for most types of armour.
You have claws for hands.
Your metabolism is lightning-fast.
You like to eat raw meat.
You heal very quickly.
You are covered in fur (AC +1).
You have very tough skin (AC +2).


Message History

The eight-headed hydra bites you!
* * * LOW HITPOINT WARNING * * *
The eight-headed hydra barely misses you.
The eight-headed hydra bites you.
* * * LOW HITPOINT WARNING * * *
The eight-headed hydra completely misses you.
The eight-headed hydra closely misses you.
Evoke which item? (* to show all) (? for menu, Esc to quit)
Zapping:
k - a wand of paralysis (will waste charges)
Press: ? - help, Shift-Dir - straight line, f - eight-headed hydra
Aim: an eight-headed hydra (chance 15%)
The eight-headed hydra resists with almost no effort.
Evoking this partially-identified wand wasted a few charges.
The eight-headed hydra bites you.
* * * LOW HITPOINT WARNING * * *
The eight-headed hydra bites you.
* * * LOW HITPOINT WARNING * * *
The eight-headed hydra completely misses you.
The eight-headed hydra bites you!
You die...

###...........♣♣
#P............♣
#............♣♣♣..
###.............♣ ###
#.#.†......♣♣♣♣ #.##
#####?..†.♣♣♣ ##.#
##.###†......♣ .
####.###...#....#...♣
..####.###.#....@D##.....♣♣♣♣
....#P........P..#####.#....♣
..............##.# ##....♣#
.. ...........####### ###.#♣
.P.. ...........# ### #P..
...........# ##.P.
...........## ....
.P..........# ## #...
PP.[....††P.# #.####...


You could see an eight-headed hydra.

Vanquished Creatures
  An orc warlord (D:10)
  A stone giant (Orc:4)
  A white draconian (IceCv)
  Snorg (Orc:2)
  Josephine (D:12)
  Fannar (D:11)
  Harold (Orc:2)
  A catoblepas (Lair:7)
  A centaur warrior (D:13)
  A death yak (Lair:7)
  5 orc high priests
  5 unseen horrors
  An ice statue (IceCv)
  Pikel (D:7)
  2 griffons
  An orc knight (Orc:3)
  An orc sorcerer (Orc:4)
  6 ugly things
  2 black mambas
  A cyclops (D:12)
  Maurice (D:11)
  2 centaur zombies
  12 elephants
  Psyche (D:11)
  A komodo dragon (Lair:7)
  A freezing wraith (D:15)
  3 fire drakes
  3 trolls
  7 spiny frogs
  16 polar bears (IceCv)
  10 slime creatures
  6 blink frogs
  3 basilisks
  21 yaks
  3 wyverns
  A shadow (D:13)
  4 hippogriffs
  2 hungry ghosts (D:10)
  4 wraiths (D:12)
  Eustachio (Orc:2)
  A deep elf mage (D:11)
  Grum (D:11)
  14 wolves
  2 wargs (Orc:2)
  3 porcupines
  9 water moccasins
  10 ice beasts
  A wasp (D:9)
  21 orc warriors
  3 black bears
  8 ogres
  A phantom (D:6)
  3 sky beasts
  A necrophage (D:13)
  A boring beetle (Lair:7)
  7 centaurs
  A big kobold (D:10)
  11 crocodiles
  Blork the orc (D:7)
  2 wyvern zombies
  10 giant frogs
  A gnoll sergeant (D:13)
  5 killer bees (D:13)
  A scorpion (D:5)
  13 wights
  A spriggan skeleton (D:10)
  A wasp zombie (D:12)
  5 crimson imps
  A giant frog zombie (D:12)
  28 orc priests
  A jelly (D:10)
  A giant frog skeleton (D:10)
  Crazy Yiuf (D:3)
  3 centaur skeletons
  7 hounds
  33 orc wizards
  5 iguanas
  8 worker ants
  18 sheep
  An ogre skeleton (D:10)
  2 worker ant zombies
  8 gnolls
  47 river rats
  14 adders
  5 shadow imps
  A giant mite (D:6)
  2 worms
  An adder zombie (D:5)
  An adder skeleton (D:5)
  5 giant geckos
  An ooze (D:2)
  136 orcs
  13 bats
  A bat zombie (D:5)
  2 giant cockroaches
  14 goblins
  12 hobgoblins
  7 jackals
  8 quokkas
  2 giant newts
  16 kobolds
  13 rats
693 creatures vanquished.

Vanquished Creatures (others)
  A polar bear (IceCv)
  3 slaves (D:7)
  2 killer bees (D:7)
  A worker ant (D:7)
  A bat zombie (D:7)
  A fungus (Lair:4)
  A plant (D:14)
10 creatures vanquished.

Grand Total: 703 creatures vanquished

Notes
Turn   | Place    | Note
--------------------------------------------------------------
     0 | D:1      | Fiveotanaka, the Troll Monk, began the quest for the Orb.
     0 | D:1      | Reached XP level 1. HP: 22/22 MP: 1/1
   147 | D:1      | Reached XP level 2. HP: 29/29 MP: 1/1
   524 | D:2      | Reached skill level 5 in Unarmed Combat
   524 | D:2      | Reached XP level 3. HP: 36/36 MP: 2/2
   910 | D:3      | Noticed Crazy Yiuf
   914 | D:3      | Killed Crazy Yiuf
   914 | D:3      | Reached XP level 4. HP: 24/44 MP: 2/2
  1031 | D:3      | Noticed an ogre
  1038 | D:3      | Killed an ogre
  1038 | D:3      | Reached skill level 6 in Unarmed Combat
  1038 | D:3      | Reached XP level 5. HP: 39/50 MP: 2/2
  1959 | D:4      | Reached skill level 7 in Unarmed Combat
  2014 | D:4      | Reached XP level 6. HP: 54/59 MP: 3/3
  2027 | D:4      | Noticed an ogre
  2033 | D:4      | Killed an ogre
  2097 | D:5      | Entered Level 5 of the Dungeon
  2102 | D:5      | Reached skill level 8 in Unarmed Combat
  2128 | D:5      | Reached XP level 7. HP: 30/66 MP: 3/3
  2470 | D:6      | Reached skill level 9 in Unarmed Combat
  2481 | D:6      | Found a shadowy altar of Dithmenos.
  2801 | D:6      | Reached skill level 10 in Unarmed Combat
  2801 | D:6      | Reached XP level 8. HP: 42/74 MP: 3/3
  2880 | D:7      | Noticed Pikel
  2886 | D:7      | Killed Pikel
  2886 | D:7      | Reached skill level 11 in Unarmed Combat
  2989 | D:7      | Noticed Blork the orc
  2993 | D:7      | Killed Blork the orc
  3217 | D:8      | Found Xobbae Hups' General Store.
  3227 | D:8      | Reached skill level 12 in Unarmed Combat
  3266 | D:8      | Reached XP level 9. HP: 41/80 MP: 4/4
  3365 | D:8      | Found Got Ecre's Food Shoppe.
  3460 | D:8      | Found Xutist's Antique Armour Emporium.
  3624 | D:8      | Found Mnuoxziz's Book Shoppe.
  3875 | D:8      | Found a deep blue altar of Sif Muna.
  4040 | D:9      | Found a staircase to the Lair.
  4315 | D:9      | Reached skill level 13 in Unarmed Combat
  4407 | D:9      | Found a burning altar of Makhleb.
  4408 | D:9      | Found a radiant altar of Vehumet.
  4521 | D:10     | Entered Level 10 of the Dungeon
  4570 | D:10     | Noticed a centaur zombie
  4580 | D:10     | Killed a centaur zombie
  4705 | D:10     | Killed an unseen horror
  4705 | D:10     | Reached skill level 5 in Dodging
  4705 | D:10     | Reached XP level 10. HP: 6/88 MP: 4/4
  4958 | D:10     | Found Ciqyv's Jewellery Shop.
  5006 | D:10     | Killed an unseen horror
  5208 | D:10     | Found a burning altar of Makhleb.
  5295 | D:10     | Reached skill level 14 in Unarmed Combat
  5472 | D:10     | Found a staircase to the Orcish Mines.
  5534 | D:10     | Found a runed door.
  5719 | D:11     | Noticed a red ugly thing
  5729 | D:11     | Killed a red ugly thing
  5747 | D:11     | Noticed Fannar
  5748 | D:11     | Noticed Maurice
  5764 | D:11     | Killed Fannar
  5764 | D:11     | Reached XP level 11. HP: 39/94 MP: 4/4
  5777 | D:11     | Killed Maurice
  5957 | D:11     | Killed an unseen horror
  6124 | D:11     | Noticed Psyche
  6135 | D:11     | Killed Psyche
  6178 | D:11     | Noticed Grum
  6183 | D:11     | Killed Grum
  6557 | D:12     | Noticed Josephine
  6566 | D:12     | Killed Josephine
  6763 | D:12     | Killed an unseen horror
  6763 | D:12     | Reached skill level 15 in Unarmed Combat
  7137 | D:13     | Noticed a centaur warrior
  7154 | D:13     | Killed a centaur warrior
  7381 | D:13     | Killed an unseen horror
  7502 | D:13     | Found a blossoming altar of Fedhas.
  7919 | D:14     | Noticed a four-headed hydra
  8006 | D:13     | Reached skill level 10 in Dodging
  8065 | D:14     | Found a basalt altar of Yredelemnul.
  8088 | D:15     | Entered Level 15 of the Dungeon
  8090 | D:15     | Found Clupt's Antique Weapon Emporium.
  8118 | D:14     | Reached XP level 12. HP: 80/104 MP: 5/5
  8207 | D:13     | HP: 3/104 [worker ant (7)]
  8214 | D:13     | HP: 4/104 [poisoned by a green ugly thing]
  8460 | D:14     | Noticed a centaur warrior
  8489 | D:14     | Noticed a centaur warrior
  9202 | Orc:1    | Entered Level 1 of the Orcish Mines
  9202 | Orc:1    | Noticed an orc warlord
  9210 | D:10     | Killed an orc warlord
  9210 | D:10     | Reached skill level 16 in Unarmed Combat
  9836 | Orc:2    | Noticed Snorg
  9849 | Orc:2    | Killed Snorg
  9912 | Orc:2    | Noticed Eustachio
  9916 | Orc:2    | Killed Eustachio
  9920 | Orc:2    | Noticed Harold
  9930 | Orc:2    | Killed Harold
 10206 | Orc:4    | Entered Level 4 of the Orcish Mines
 10266 | Orc:4    | Noticed a stone giant
 10278 | Orc:4    | Killed a stone giant
 10497 | Orc:3    | Found a staircase to the Elven Halls.
 10794 | Orc:4    | Reached XP level 13. HP: 70/110 MP: 5/5
 11122 | Orc:4    | Found Olesott's Book Boutique.
 11122 | Orc:4    | Found Hiuwnuke's Assorted Antiques.
 11131 | Orc:4    | Found Xonock's Food Shop.
 11131 | Orc:4    | Found Deitsoow's Antique Armour Shop.
 11286 | Orc:4    | Bought 3 scrolls labeled LYKHLA KAETAEMO for 72 gold pieces
 11286 | Orc:4    | Bought a scroll of identify for 48 gold pieces
 11537 | Lair:1   | Entered Level 1 of the Lair of Beasts
 11565 | Lair:1   | Found a frozen archway.
 11643 | IceCv    | Entered an ice cave
 12165 | IceCv    | Reached skill level 17 in Unarmed Combat
 12374 | IceCv    | Noticed a white draconian
 12418 | IceCv    | Killed a white draconian
 13429 | Lair:3   | Found a staircase to the Snake Pit.
 14414 | Lair:6   | Found a staircase to the Slime Pits.
 14605 | Lair:7   | Reached XP level 14. HP: 81/118 MP: 5/5
 15851 | Lair:8   | Entered Level 8 of the Lair of Beasts
 16189 | Lair:8   | Reached skill level 18 in Unarmed Combat
 16230 | Lair:8   | HP: 1/118 [eight-headed hydra (5)]
 16230 | Lair:8   | Mangled by an eight-headed hydra

Action                   |  1- 3 |  4- 6 |  7- 9 | 10-12 | 13-15 || total
-------------------------+-------+-------+-------+-------+-------++-------
Melee: Unarmed           |    72 |    80 |   217 |   650 |   638 ||  1657
Evoke: Wand              |       |       |       |     1 |     2 ||     3
  Use: Potion            |       |       |     1 |     3 |     2 ||     6
       Scroll            |       |       |     8 |     6 |    12 ||    26
 Stab: Sleeping          |       |     1 |     2 |     2 |     3 ||     8
       Fleeing           |       |       |       |       |     1 ||     1
       Petrifying        |       |       |       |       |     1 ||     1
  Eat: Chunk             |    12 |    13 |    22 |    51 |    48 ||   146
       Meat ration       |       |       |       |     1 |       ||     1
       Beef jerky        |       |       |       |       |     2 ||     2
